AoeStats
← Ranigan

Black Forest

508697420Analyzed
2v2 RM · 8d ago on Sep 23, 2026· 53m 53s· 4 players
Game mode
Random Map
Map size
Medium (4 player)
Population
200
Speed
Normal
Resources
Standard
Victory
Conquest
Starting age
Dark Age
Ending age
Imperial Age
RankedLock teamsTeams togetherTeam positionsShared explorationLock speedFull tech treeHidden civsTurbo modeCheats
Victory
Defeat
🇪🇸 Saxons · Spain
900
+13
🇪🇸 Magyars · Spain
891
+13
🇸🇰 Britons · Slovakia
838
-13
🇸🇰 Japanese · Slovakia
837
-13
Ikvanox
0:38 Loom
11:54 Feudal Age
13:37 Wheelbarrow
12:48 Man-at-Arms
20:25 Stone Mining
20:26 Gold Mining
20:55 Horse Collar
23:43 Castle Age
25:49 Hand Cart
25:41 Heavy Plow
25:51 Double-Bit Axe
28:57 Forging
31:36 Gold Shaft Mining
31:15 Pikeman
31:56 Squires
31:41 Arson
36:34 Ballistics
37:20 Caravan
37:41 Thumb Ring
39:10 Town Watch
40:28 Padded Archer Armor
40:19 Fletching
40:37 Scale Barding Armor
41:05 Bow Saw
45:09 Imperial Age
45:15 Elite Samurai
Mandula
1:17 Loom
9:32 Feudal Age
10:51 Wheelbarrow
16:13 Man-at-Arms
20:22 Double-Bit Axe
20:36 Gold Mining
20:37 Stone Mining
21:40 Horse Collar
28:27 Fletching
28:37 Padded Archer Armor
28:38 Scale Mail Armor
32:38 Castle Age
31:38 Arson
32:47 Long Swordsman
34:07 Forging
34:12 Chain Mail Armor
33:44 Gambesons
33:37 Crossbowman
35:36 Caravan
37:12 Bow Saw
37:29 Hand Cart
39:01 Bodkin Arrow
38:53 Pikeman
40:13 Gold Shaft Mining
39:54 Heavy Plow
41:06 Iron Casting
40:35 Elite Skirmisher
41:39 Town Watch
45:43 Leather Archer Armor
48:01 Imperial Age
50:01 Conscription
53:01 Ballistics
MeninLucian
9:55 Feudal Age
10:28 Man-at-Arms
12:09 Arson
12:25 Loom
16:27 Wheelbarrow
18:18 Double-Bit Axe
22:14 Castle Age
21:19 Scale Barding Armor
25:30 Bow Saw
29:15 Horse Collar
32:41 Imperial Age
31:21 Hand Cart
31:07 Town Watch
31:22 Stone Mining
32:13 Heavy Plow
32:28 Fletching
35:02 Parthian Tactics
34:41 Padded Archer Armor
34:37 Bodkin Arrow
36:16 Gold Mining
37:49 Two-Man Saw
40:22 Chemistry
39:50 Ballistics
40:35 Leather Archer Armor
40:56 Conscription
42:00 Bracer
42:48 Ring Archer Armor
47:20 Heavy Cavalry Archer
48:44 Chain Barding Armor
48:43 Corvinian Army
49:01 Town Patrol
53:59 Recurve Bow
Ranigan
10:47 Feudal Age
18:20 Castle Age
21:30 Wheelbarrow
24:37 Clerical Recruitment
31:01 Hand Cart
35:02 Imperial Age
33:49 Forging
33:50 Squires
36:43 Elite Varangian Guard
38:15 Illumination
38:06 Block Printing
38:01 Arrowslits
38:48 Ballistics
39:31 Chemistry
39:56 Horse Collar
40:13 Gold Mining
40:08 Capped Ram
46:46 Scale Mail Armor
47:21 Iron Casting
48:02 Chain Mail Armor
47:32 Siege Ram
54:38 Plate Mail Armor
Connection lost

Rejoining the realm…

Still unreachable

The connection could not be restored.

Session expired

The server has moved on; the page needs a fresh start.